Map: Sludge City

Players

vjov - Winner!

  • Race: Protoss Protoss
  • Spawn Location: 5:00

Amix - Winner!

  • Race: Zerg Zerg
  • Spawn Location: 5:00

A.I. 2 (Medium)

  • Race: Zerg Zerg
  • Spawn Location: 9:00

A.I. 3 (Hard)

  • Race: Protoss Protoss
  • Spawn Location: 11:00

VOD

Have the link to the VOD?

Description

Time

  • Played on: Nov. 26, 2016, 4:24 a.m.
  • Length: 13:22
Show
View Real Time Build Order
Export as new Build Order

vjov Protoss - Winner!

Build Orders:  

Get SALT Encoding   

  12  0:02  Probe (Chrono Boost)  
  13  0:12  Probe (Chrono Boost)  
  14  0:21  Pylon  
  14  0:23  Probe (Chrono Boost)  
  15  0:39  Probe (Chrono Boost)  
  15  0:42  Gateway  
  16  0:54  Assimilator  
  16  0:57  Probe (Chrono Boost)  
  17  1:05  Gateway  
  17  1:07  Probe (Chrono Boost)  
  18  1:18  Probe (Chrono Boost)  
  19  1:28  Probe (Chrono Boost)  
  19  1:31  Cybernetics Core  
  20  1:37  Assimilator  
  20  1:39  Probe (Chrono Boost)  
  21  1:43  Pylon  
  21  1:52  Forge  
  21  1:56  Probe (Chrono Boost)  
  22  2:13  Probe (Chrono Boost)  
  23  2:19  Stalker x2 (Chrono Boost)  
  27  2:42  Mothership Core  
  31  2:51  Stalker (Chrono Boost)  
  31  2:55  Pylon  
  31  3:14  Stalker (Chrono Boost)  
  33  3:20  Nexus  
  35  3:35  Stalker (Chrono Boost)  
  35  3:39  Stalker (Chrono Boost)  
  37  3:42  Pylon  
  37  3:44  Protoss Ground Weapons Level 1 (Chrono Boost)  
  37  4:35  Robotics Facility  
  37  4:47  Pylon  
  37  4:49  Probe  
  37  4:52  Probe  
  38  4:58  Photon Cannon  
  39  5:01  Probe  
  39  5:02  Probe  
  39  5:04  Twilight Council  
  41  5:13  Probe x2  
  43  5:22  Observer, Stargate  
  43  5:23  Probe  
  43  5:24  Stargate  
  43  5:25  Probe  
  46  5:34  Assimilator, Probe  
  47  5:37  Probe  
  47  5:39  Assimilator  
  48  5:42  Blink (Chrono Boost)  
  48  5:55  Observer  
  49  6:04  Probe  
  50  6:11  Protoss Shields Level 1  
  50  6:20  Photon Cannon  
  50  6:21  Probe  
  51  6:31  Probe  
  52  6:42  Probe  
  53  6:53  Probe  
  52  7:03  Probe  
  53  7:16  Probe  
  54  7:26  Probe  
  55  7:32  Stalker x2  
  58  7:37  Probe  
  58  7:42  Oracle x2  
  65  7:47  Probe  
  65  7:51  Pylon  
  66  7:53  Pylon  
  66  7:58  Probe  
  65  8:02  Stalker x2  
  70  8:09  Probe  
  71  8:16  Fleet Beacon  
  71  8:17  Oracle, Observer  
  71  8:19  Probe  
  76  8:32  Stalker, Protoss Air Weapons Level 1  
  78  8:42  Stargate  
  78  9:19  Stargate  
  78  9:25  Gateway  
  78  9:28  Gateway  
  78  9:32  Stargate  
  78  10:09  Cybernetics Core  
  78  10:12  Forge  
  78  10:13  Stalker x2  
  78  10:14  Stalker  
  84  10:16  Stalker  
  84  10:19  Protoss Ground Weapons Level 2  
  71  11:41  Stalker x4  
  79  11:53  Void Ray  
  83  12:11  Stalker  
Show
View Real Time Build Order
Export as new Build Order

Amix Zerg - Winner!

Build Orders: Hatch First 

Get SALT Encoding   

  12  0:01  Drone  
  13  0:09  Drone  
  14  0:17  Overlord  
  14  0:24  Drone, Extractor  
  15  0:35  Drone x2  
  17  0:56  Hatchery  
  16  0:57  Drone  
  16  1:02  Drone, Extractor  
  17  1:16  Spawning Pool  
  17  1:18  Drone  
  17  1:21  Drone  
  18  1:31  Drone  
  19  1:37  Drone  
  20  1:49  Drone  
  21  2:05  Drone  
  21  2:07  Queen  
  21  2:08  Queen  
  26  2:10  Drone x2  
  28  2:22  Overlord  
  28  2:23  Overlord  
  28  2:40  Drone x2  
  28  2:41  Drone  
  31  2:49  Drone  
  32  2:55  Drone x2  
  34  2:58  Queen  
  34  2:59  Hatchery  
  34  3:03  Queen  
  37  3:06  Drone  
  37  3:08  Drone  
  37  3:12  Drone  
  40  3:16  Drone  
  41  3:38  Drone x3  
  44  3:51  Lair  
  44  3:53  Extractor  
  43  3:57  Evolution Chamber x2, Roach Warren  
  43  3:58  Drone x4  
  44  4:05  Overlord x5  
  44  4:15  Drone x4  
  48  4:25  Drone x2, Extractor x2  
  48  4:26  Drone x4  
  52  4:45  Zerg Ground Armor Level 1, Zerg Missile Weapons Level 1  
  52  4:48  Roach x2  
  52  4:49  Roach x4  
  64  4:58  Drone x2  
  64  4:59  Drone  
  67  5:11  Roach x4  
  67  5:12  Roach x5  
  85  5:19  Drone x3  
  88  5:23  Queen  
  88  5:27  Glial Reconstitution  
  90  5:37  Hydralisk Den  
  90  5:41  Hydralisk Den, Overlord x2  
  90  5:42  Overlord x4  
  88  5:53  Overseer  
  88  5:55  Roach  
  90  6:08  Grooved Spines  
  90  6:09  Infestation Pit  
  89  6:14  Muscular Augments  
  89  6:17  Extractor  
  88  6:18  Drone  
  88  6:19  Drone x8, Extractor  
  88  6:21  Overlord x5  
  90  7:00  Hydralisk x4  
  90  7:01  Hydralisk x6  
  108  7:18  Roach x6  
  108  7:19  Roach  
  108  7:21  Overlord  
  122  7:49  Hydralisk x5  
  132  7:52  Zerg Missile Weapons Level 2  
  132  8:02  Hatchery  
  132  8:03  Hatchery  
  130  8:15  Hive  
  130  8:17  Roach  
  130  8:18  Roach  
  134  8:20  Roach  
  134  8:21  Roach  
  138  8:35  Zerg Ground Armor Level 2  
  138  8:39  Drone x7  
  138  8:40  Drone x2  
  138  8:41  Drone x3  
  150  8:49  Drone  
  150  8:52  Lurker Den  
  151  9:03  Hydralisk x2  
  151  9:04  Hydralisk x4  
  151  9:06  Queen x2  
  167  9:18  Extractor  
  167  9:20  Extractor  
  167  9:21  Extractor x2  
  163  9:35  Roach x2  
  163  9:36  Roach x3, Overlord x4  
  163  9:37  Overlord x2  
  173  9:55  Drone x4  
  173  9:56  Drone x2  
  179  10:07  Hydralisk x4  
  179  10:08  Hydralisk x6  
  179  11:12  Ravager x9  
  179  11:13  Ravager x8  
  179  11:14  Ravager x6  
Show
View Real Time Build Order
Export as new Build Order

A.I. 2 (Medium) Zerg 

Build Orders: Pool First 

Get SALT Encoding   

  12  0:01  Drone  
  13  0:12  Overlord  
  13  0:17  Drone  
  14  0:30  Drone  
  14  0:33  Drone  
  16  0:42  Spawning Pool  
  16  0:45  Drone  
  16  0:50  Drone  
  16  0:52  Extractor  
  16  0:55  Drone  
  17  1:06  Overlord  
  17  1:30  Queen  
  17  1:31  Zergling x2  
  20  1:37  Roach Warren  
  20  1:38  Drone  
  20  1:39  Extractor  
  19  1:45  Zergling x2  
  20  1:49  Drone  
  21  2:00  Drone  
  22  2:10  Overlord  
  22  2:21  Roach  
  24  2:35  Roach  
  26  2:37  Overlord  
  26  2:50  Roach  
  28  3:00  Drone  
  28  3:03  Drone  
  28  3:04  Roach  
  32  3:12  Overlord  
  32  3:17  Drone  
  32  3:18  Roach  
  36  3:20  Drone  
  36  3:27  Drone  
  37  3:38  Drone, Baneling Nest  
  37  3:41  Drone, Roach  
  38  3:46  Evolution Chamber  
  38  3:47  Drone  
  40  3:55  Roach  
  41  4:10  Zergling x2  
  42  4:24  Roach  
  44  6:14  Overlord, Lair  
  44  6:15  Drone  
  44  6:16  Spore Crawler  
  44  6:18  Drone, Spore Crawler  
  45  6:20  Evolution Chamber  
  45  6:21  Drone, Hatchery  
  45  6:23  Drone  
  44  6:26  Drone  
  44  6:29  Drone  
  46  6:34  Overlord  
  46  6:42  Spine Crawler  
  46  6:46  Drone, Spine Crawler  
  45  6:50  Zergling x2  
  44  7:07  Roach  
  30  7:12  Queen  
  30  7:13  Overseer x2  
  30  7:14  Spire  
  31  7:17  Hydralisk Den  
  31  7:18  Drone  
  31  7:20  Infestation Pit  
  31  7:21  Drone, Roach  
  33  7:33  Drone, Queen  
  33  7:36  Drone  
  37  7:39  Drone  
  37  7:40  Ravager  
  37  7:41  Drone, Roach  
  37  7:42  Extractor  
  37  7:43  Spore Crawler  
  40  7:44  Drone  
  40  7:45  Spore Crawler  
  40  7:47  Drone  
  40  7:50  Drone  
  42  7:53  Drone  
  42  7:54  Hydralisk  
  42  7:56  Drone  
  46  7:59  Drone  
  46  8:02  Drone  
  46  8:05  Drone  
  49  8:07  Drone, Hydralisk  
  49  8:08  Spine Crawler  
  49  8:10  Spine Crawler  
  50  8:14  Drone  
  50  8:17  Drone  
  52  8:22  Ravager  
  52  8:23  Hydralisk  
  52  8:24  Drone  
  52  8:26  Drone  
  57  8:29  Drone  
  57  8:32  Drone  
  59  8:36  Drone  
  59  8:37  Roach  
  62  8:43  Drone  
  63  8:50  Hydralisk  
  65  9:29  Extractor  
  64  9:46  Overseer  
  64  9:47  Overlord  
  64  10:36  Pneumatized Carapace, Roach, Overlord  
  64  10:37  Overseer  
  64  10:38  Zerg Ground Armor Level 1  
  65  10:43  Roach  
  49  10:51  Roach  
  49  10:54  Overlord  
  49  10:55  Hatchery  
  50  10:57  Infestor  
  52  11:04  Mutalisk  
  50  11:12  Mutalisk  
  52  11:19  Roach, Queen, Overlord  
  50  11:26  Mutalisk  
  48  11:33  Mutalisk  
  42  11:41  Roach  
  42  11:46  Drone  
  28  11:47  Mutalisk  
  28  11:50  Drone  
  28  11:52  Drone  
  22  11:55  Mutalisk, Burrow  
Show
View Real Time Build Order
Export as new Build Order

A.I. 3 (Hard) Protoss 

Build Orders:  

Get SALT Encoding   

  12  0:01  Probe (Chrono Boost)  
  13  0:11  Probe (Chrono Boost)  
  14  0:22  Probe (Chrono Boost), Pylon  
  15  0:40  Probe (Chrono Boost)  
  16  0:48  Assimilator  
  16  0:50  Gateway  
  16  0:51  Probe (Chrono Boost)  
  17  1:00  Pylon  
  17  1:01  Probe (Chrono Boost)  
  18  1:12  Probe (Chrono Boost)  
  19  1:23  Probe (Chrono Boost)  
  20  1:34  Zealot  
  22  1:41  Cybernetics Core  
  22  1:43  Gateway  
  22  1:48  Assimilator  
  22  2:05  Pylon  
  22  2:15  Stalker  
  22  2:18  Warp Gate  
  24  2:29  Adept  
  26  2:44  Zealot  
  26  2:51  Pylon  
  28  2:55  Stalker  
  30  3:10  Stalker  
  33  3:20  Probe (Chrono Boost)  
  33  3:24  Stalker  
  35  3:32  Probe (Chrono Boost)  
  36  3:34  Pylon  
  36  3:39  Stalker  
  38  3:44  Probe (Chrono Boost)  
  39  3:50  Forge  
  39  3:53  Stalker  
  42  3:56  Probe (Chrono Boost)  
  42  4:07  Probe (Chrono Boost)  
  42  4:08  Adept  
  45  4:19  Probe (Chrono Boost)  
  46  5:53  Protoss Ground Weapons Level 1  
  46  5:57  Adept  
  46  6:00  Gateway  
  46  6:01  Twilight Council  
  48  6:04  Pylon  
  48  6:07  Sentry, Nexus, Photon Cannon  
  48  6:10  Photon Cannon  
  50  6:12  Robotics Facility  
  50  6:15  Forge  
  50  6:17  Adept  
  52  6:29  Adept  
  52  6:31  Pylon  
  54  6:33  Blink  
  54  6:39  Adept  
  56  6:41  Stargate  
  56  6:42  Protoss Ground Armor Level 1  
  52  6:49  Zealot  
  38  6:59  Zealot  
  40  7:02  Observer  
  41  7:09  Stalker  
  43  7:19  Stalker  
  43  7:20  Probe (Chrono Boost)  
  47  7:22  Probe (Chrono Boost)  
  47  7:24  Observer  
  47  7:29  Adept  
  50  7:31  Probe (Chrono Boost)  
  50  7:35  Probe (Chrono Boost)  
  52  7:39  Adept  
  52  7:43  Probe (Chrono Boost)  
  55  7:46  Probe (Chrono Boost)  
  55  7:49  Stalker  
  58  7:54  Probe (Chrono Boost)  
  60  7:58  Probe (Chrono Boost)  
  60  8:00  Sentry  
  60  8:03  Pylon  
  60  8:05  Probe (Chrono Boost)  
  63  8:09  Probe (Chrono Boost)  
  63  8:10  Stalker, Pylon  
  66  8:16  Probe (Chrono Boost)  
  68  8:20  Probe (Chrono Boost)  
  69  8:28  Probe (Chrono Boost)  
  69  8:30  Photon Cannon  
  69  8:31  Probe (Chrono Boost)  
  70  8:34  Photon Cannon  
  70  8:38  Probe (Chrono Boost)  
  71  8:53  Probe (Chrono Boost)  
  71  8:55  Probe (Chrono Boost)  
  66  9:04  Probe (Chrono Boost)  
  66  9:05  Probe (Chrono Boost)  
  66  9:08  Assimilator  
  68  9:14  Probe (Chrono Boost)  
  69  9:17  Assimilator  
  69  9:30  Probe (Chrono Boost)  
  70  9:32  Probe (Chrono Boost)  
  71  9:41  Probe (Chrono Boost)  
  71  9:42  Probe (Chrono Boost)  
  73  10:19  Immortal  
  73  10:27  Gateway  
  77  10:29  Stalker x2, Stargate  
  77  10:32  Nexus, Pylon  
  77  10:33  Stalker  
  69  10:36  Robotics Facility  
  63  10:43  Stalker  
  63  10:55  Warp Prism  
  61  10:58  Robotics Bay  
  59  11:05  Zealot  
  27  11:19  Warp Prism  
  19  11:30  Immortal  
  23  11:47  Probe (Chrono Boost)  
  23  11:48  Probe (Chrono Boost)  
  23  11:50  Stalker  
  23  11:53  Zealot  
  28  11:58  Stalker, Warp Prism  
  28  11:59  Probe (Chrono Boost)  
  28  12:00  Probe (Chrono Boost)  
  33  12:02  Zealot  
  38  12:09  Observer  
  38  12:10  Probe (Chrono Boost)  
  38  12:11  Stalker, Probe (Chrono Boost)  
  42  12:21  Stalker, Probe (Chrono Boost)  
  32  12:23  Probe (Chrono Boost)  
  27  12:33  Probe (Chrono Boost)  
  27  12:34  Probe (Chrono Boost)  
  27  12:35  Stalker  
  18  12:39  Zealot  
  16  12:46  Probe (Chrono Boost)  
  14  12:58  Probe (Chrono Boost)  
  15  13:04  Nexus  
Tags
 
Add a new tag
Caveats
  • Supply blocks, unpowered buildings, or Contaminate may cause inaccurate times.
  • Supply counts are checked every 10 seconds.